 Dungeon Crawl Stone Soup version 0.26.0-18-gc5c842f807 (webtiles) character file.

Game seed: 9887531395234191770

47 promet the Skirmisher (level 3, -1/34 HPs)
             Began as a Minotaur Abyssal Knight on Jan 23, 2021.
             Was a Believer of Lugonu.
             Slain by Purgy (2 damage)
             ... in a sewer.
             The game lasted 00:08:41 (1770 turns).

promet the Skirmisher (Minotaur Abyssal Knight)     Turns: 1770, Time: 00:08:41

Health: -1/34      AC:  7    Str: 16    XL:     3   Next: 48%
Magic:  0/3        EV:  9    Int:  9    God:    Lugonu [**....]
Gold:   92         SH:  0    Dex: 10    Spells: 2/2 levels left

rFire    . . .     SeeInvis .   a - +1 spear
rCold    . . .     Faith    .   (no shield)
rNeg     . . .     Spirit   +   f - +0 scale mail
rPois    .         Reflect  .   (helmet restricted)
rElec    .         Harm     .   (no cloak)
rCorr    .         Rampage  .   j - +0 pair of gloves (curse)
Will     .....                  (no boots)
Stlth    ..........             d - amulet of guardian spirit
HPRegen  0.11/turn              (no ring)
MPRegen  0.08/turn              (no ring)

@: no status effects
A: retaliatory headbutt, horns 2
a: Renounce Religion, Depart the Abyss, Bend Space


You were in a sewer.
You worshipped Lugonu.
Lugonu was pleased with you.
You visited 1 branch of the dungeon, and saw 3 of its levels.
You visited the Abyss 1 time.
You also visited: Sewer.

You collected 92 gold pieces.

Inventory:

Hand Weapons
 a - a +1 spear (weapon)
 i - a +0 hunting sling
Missiles
 c - 14 bolts
 e - 219 stones
 g - 2 throwing nets
 h - 22 poisoned darts
 m - 8 boomerangs of dispersal
Armour
 b - a +0 leather armour
 f - a +0 scale mail (worn)
 j - a cursed +0 pair of gloves (worn)
 n - a +0 animal skin
Jewellery
 d - an amulet of guardian spirit (around neck)
Scrolls
 l - a scroll of identify
Potions
 k - a potion of curing {unknown}


   Skills:
 + Level 4.5 Fighting
 + Level 3.3 Polearms
 + Level 2.6 Armour
 + Level 1.3 Dodging
 + Level 2.1 Invocations


You had 2 spell levels left.
You didn't know any spells.
Your spell library was empty.

Dungeon Overview and Level Annotations

Branches:
Dungeon (3/15)              Sewer (1/1)

Altars:
Makhleb
Sif Muna
Trog

Annotations:
Sewer Purgy


Innate Abilities, Weirdness & Mutations

You reflexively headbutt those who attack you in melee.
You have a pair of horns on your head.


Message History

You miss Purgy.
Purgy is almost dead.
Purgy bites you.
* * * LOW HITPOINT WARNING * * *
Purgy closely misses you. Purgy claws you but does no damage.
You closely miss Purgy.
Purgy is almost dead.
Purgy bites you.
* * * LOW HITPOINT WARNING * * *
Purgy claws you but does no damage. Purgy misses you.
You completely miss Purgy.
Purgy is almost dead.
Purgy bites you.
* * * LOW HITPOINT WARNING * * *
Purgy claws you but does no damage. Purgy claws you.
* * * LOW HITPOINT WARNING * * *
You hit Purgy but do no damage. Your headbutt misses Purgy.
Purgy is severely wounded.
Purgy closely misses you. Purgy claws you but does no damage. Purgy claws you.
You die...

##$($$$##
#..$?$..#
#.......#
#.......#
#.......#
#.......# #..T..#
####### #@#
##.....## #.#
#...≈...## #.#
†..≈≈≈...#######.#
∩.≈≈≈≈≈..........#
†..≈≈≈...#######.#
#...≈...## #.#
##.....## #.#
####### #.#


You could see Purgy.

Vanquished Creatures
  A worm (D:3)
  2 leopard geckos
  3 giant cockroaches
  7 hobgoblins (D:2)
  9 kobolds
  7 bats
  A frilled lizard (D:1)
  4 goblins
  4 rats
38 creatures vanquished.

Notes
Turn   | Place    | Note
-------+----------+-------------------------------------------
     0 | Abyss:1  | promet the Minotaur Abyssal Knight began the quest for the
                  | Orb.
     0 | Abyss:1  | Reached XP level 1. HP: 19/19 MP: 1/1
    44 | D:1      | Escaped the Abyss
   269 | D:1      | Reached skill level 4 in Fighting
   390 | D:1      | Reached XP level 2. HP: 26/27 MP: 2/2
   773 | D:1      | Found a burning altar of Makhleb.
   993 | D:2      | Found a shimmering blue altar of Sif Muna.
  1168 | D:2      | Reached XP level 3. HP: 34/34 MP: 3/3
  1255 | D:2      | Found a faded altar of an unknown god.
  1386 | D:2      | Found a bloodstained altar of Trog.
  1640 | D:3      | Found a glowing drain.
  1680 | Sewer    | Entered a sewer
  1693 | Sewer    | Reached ** piety under Lugonu
  1746 | Sewer    | Noticed Purgy
  1769 | Sewer    | HP: 1/34 [Purgy (1)]
  1770 | Sewer    | Slain by Purgy

Illustrated notes

Levels and vault maps discovered:
D:1:      dpeg_arrival_lava_altar, layout_basic
D:2:      layout_loops_ring, lemuel_crystal_altar,
          chequers_ecumenical_altar_simple_redux, trog_hazing_becter
D:3:      layout_loops_ring, gammafunk_ghost_mausoleum,
          cheibrodos_sewer_entry_bend
Sewer:    sewer_big_baddie

Skill      XL: |  1  2 |
---------------+-------+-----
Fighting       | 4 |  4.5
Invocations    | 2 |  2.1
Polearms       | 3 |  3.3
Armour         | |  2.6
Dodging        | |  1.3

Action                   || total
-------------------------++-------
Melee: Spear             ||    88
       Headbutt          ||     8
 Fire: Hunting sling     ||    12
  Use: Scroll            ||     4
Armor: Scale mail        ||    81
Dodge: Dodged            ||    82
